| TOP OF THE 1ST |
|
Savannah Indians batting - Pitching for Montgomery Rebels : LHP Shane Rawley
|
|
Pitching: LHP Shane Rawley
|
|
|
Batting: RHB Angel Salazar
|
0-0: Fly out, F6 (Line Drive, 6, EV 66.3 MPH)
|
|
Batting: RHB Eddie Vargas
|
0-0: Ball 1-0: Ball 2-0: Ball 3-0: Base on Balls
|
|
Batting: RHB Jim Paciorek
|
0-0: Ball 1-0: Swinging Strike 1-1: Ball 2-1: SINGLE (Groundball, 56D, EV 95.6 MPH) Eddie Vargas to second
|
|
Batting: RHB Wade Rowdon
|
0-0: Ball 1-0: Ball Eddie Vargas is caught stealing 3rd base 2-5 2-0: DOUBLE (Flyball, 78XD, EV 96.9 MPH) Jim Paciorek to third Runner from 3rd tries for Home, SAFE, no throw by CF
|
|
Batting: RHB Ramiro Gutierrez
|
0-0: Foul Ball, location: 2F 0-1: Ground out 5-3 (Groundball, 56, EV 90.6 MPH)
|
| Top of the 1st over - 1 run, 2 hits, 0 errors, 1 left on base; Savannah 1 - Montgomery 0 |
| BOTTOM OF THE 1ST |
|
Montgomery Rebels batting - Pitching for Savannah Indians : LHP Frank DiPino
|
|
Pitching: LHP Frank DiPino
|
|
|
Batting: LHB Chris Stropolo
|
0-0: Bunt missed! 0-1: Ball 1-1: Ball 2-1: Called Strike 2-2: Ball 3-2: Base on Balls
|
|
Batting: RHB Jarrett Sterner
|
0-0: Called Strike 0-1: Ball 1-1: Fly out, F3 (Popup, 3SF, EV 84.4 MPH)
|
|
Batting: RHB Roberto Palacios
|
0-0: Ball 1-0: Called Strike 1-1: Ball 2-1: Ball 3-1: Foul Ball, location: 2F 3-2: Base on Balls Chris Stropolo to second
|
|
Batting: SHB Arthur Fischetti
|
0-0: Called Strike 0-1: Ball 1-1: Swinging Strike 1-2: Ball 2-2: DOUBLE (Flyball, 78XD, EV 100.6 MPH) Chris Stropolo scores Roberto Palacios to third
|
|
Batting: LHB Ray Crowley
|
0-0: Swinging Strike 0-1: Foul Ball, location: 2F 0-2: Foul Ball, location: 2F 0-2: Foul Ball, location: 2F 0-2: Fly out, F9 (Flyball, 9D, EV 106.3 MPH) Runner from 3rd tags up, SCORES, throw by RF
|
|
Batting: RHB Jeff Schumaker
|
0-0: Ball 1-0: Ball 2-0: Ball 3-0: Base on Balls
|
|
Batting: LHB Dwayne Murphy
|
0-0: Called Strike 0-1: Ball 1-1: Ball 2-1: Fly out, F8 (Flyball, 8RD, EV 83.8 MPH)
|
| Bottom of the 1st over - 2 runs, 1 hit, 0 errors, 2 left on base; Savannah 1 - Montgomery 2 |
| TOP OF THE 2ND |
|
Savannah Indians batting - Pitching for Montgomery Rebels : LHP Shane Rawley
|
|
Batting: LHB Roberto Hernandez
|
0-0: Fly out, F9 (Flyball, 9LM, EV 88.8 MPH)
|
|
Batting: LHB Steve Sbragia
|
0-0: Called Strike 0-1: Ground out 5-3 (Groundball, 56S, EV 83.1 MPH)
|
|
Batting: RHB Mario Diaz
|
0-0: Called Strike 0-1: Ball 1-1: Ground out 4-3 (Groundball, 4, EV 88.1 MPH)
|
| Top of the 2nd over - 0 runs, 0 hits, 0 errors, 0 left on base; Savannah 1 - Montgomery 2 |
| BOTTOM OF THE 2ND |
|
Montgomery Rebels batting - Pitching for Savannah Indians : LHP Frank DiPino
|
|
Batting: SHB Mike Thorpe
|
0-0: Ball 1-0: Ground out 5-3 (Groundball, 56S, EV 73.8 MPH)
|
|
Batting: RHB Mike Colbern
|
0-0: Foul Ball, location: 2F 0-1: SINGLE (Flyball, 7S, EV 91.3 MPH)
|
|
Batting: LHB Chris Stropolo
|
0-0: Called Strike 0-1: Ball 1-1: Ball 2-1: Foul Ball, location: 2F 2-2: TRIPLE (Flyball, 78XD, EV 101.9 MPH) Mike Colbern scores
|
|
Batting: RHB Jarrett Sterner
|
0-0: Ball 1-0: Ball 2-0: Fly out, F4 (Flyball, 34D, EV 91.9 MPH)
|
|
Batting: RHB Roberto Palacios
|
0-0: Ball 1-0: Ground out 6-3 (Groundball, 56D, EV 78.8 MPH)
|
| Bottom of the 2nd over - 1 run, 2 hits, 0 errors, 1 left on base; Savannah 1 - Montgomery 3 |
| TOP OF THE 3RD |
|
Savannah Indians batting - Pitching for Montgomery Rebels : LHP Shane Rawley
|
|
Batting: RHB T.J. Johnson
|
0-0: Ball 1-0: SINGLE (Line Drive, 7S, EV 101.3 MPH)
|
|
Batting: RHB Angel Salazar
|
0-0: Swinging Strike 0-1: Ball 1-1: Foul Ball, location: 2F 1-2: Ball 2-2: Fielders Choice at 2nd, 6-4 (Groundball, 6, EV 110.0 MPH)
|
|
Batting: RHB Eddie Vargas
|
0-0: Ball 1-0: Ball 2-0: Called Strike 2-1: Foul Ball, location: 2F 2-2: Strikes out swinging Angel Salazar steals 2nd base Batter strikes out.
|
|
Batting: RHB Jim Paciorek
|
0-0: Foul Ball, location: 2F 0-1: Swinging Strike 0-2: Ground out 6-3 (Groundball, 6, EV 103.1 MPH)
|
| Top of the 3rd over - 0 runs, 1 hit, 0 errors, 1 left on base; Savannah 1 - Montgomery 3 |
| BOTTOM OF THE 3RD |
|
Montgomery Rebels batting - Pitching for Savannah Indians : LHP Frank DiPino
|
|
Batting: SHB Arthur Fischetti
|
0-0: Foul Ball, location: 2F 0-1: SOLO HOME RUN (Flyball, 78XD, EV 101.3 MPH), Distance : 407 ft
|
|
Batting: LHB Ray Crowley
|
0-0: SINGLE (Flyball, 7S, EV 94.4 MPH)
|
|
Batting: RHB Jeff Schumaker
|
0-0: Ball 1-0: Swinging Strike 1-1: Grounds into double play, 6-4-3 (Groundball, 56, EV 107.5 MPH)
|
|
Batting: LHB Dwayne Murphy
|
0-0: Ball 1-0: Ball 2-0: Called Strike 2-1: Ball 3-1: SINGLE (Groundball, 25, EV 71.3 MPH) (infield hit)
|
|
Batting: SHB Mike Thorpe
|
0-0: Ball 1-0: Ground out 4-3 (Groundball, 4, EV 105.6 MPH)
|
| Bottom of the 3rd over - 1 run, 3 hits, 0 errors, 1 left on base; Savannah 1 - Montgomery 4 |
| TOP OF THE 4TH |
|
Savannah Indians batting - Pitching for Montgomery Rebels : LHP Shane Rawley
|
|
Batting: RHB Wade Rowdon
|
0-0: Ball 1-0: Called Strike 1-1: Swinging Strike 1-2: Ball 2-2: Foul Ball, location: 2F 2-2: Ball 3-2: Ground out 6-3 (Groundball, 6, EV 103.1 MPH)
|
|
Batting: RHB Ramiro Gutierrez
|
0-0: Ball 1-0: Ball 2-0: Foul Ball, location: 2F 2-1: Foul Ball, location: 2F 2-2: Ball 3-2: SOLO HOME RUN (Flyball, 7D, EV 100.0 MPH), Distance : 367 ft
|
|
Batting: LHB Roberto Hernandez
|
0-0: Fly out, F8 (Line Drive, 8RM, EV 94.4 MPH)
|
|
Batting: LHB Steve Sbragia
|
0-0: Fly out, F8 (Line Drive, 8LD, EV 84.4 MPH)
|
| Top of the 4th over - 1 run, 1 hit, 0 errors, 0 left on base; Savannah 2 - Montgomery 4 |
| BOTTOM OF THE 4TH |
|
Montgomery Rebels batting - Pitching for Savannah Indians : LHP Frank DiPino
|
|
Batting: RHB Mike Colbern
|
0-0: Fly out, F7 (Flyball, 7D, EV 102.5 MPH)
|
|
Batting: LHB Chris Stropolo
|
0-0: Ball 1-0: Ball 2-0: Called Strike 2-1: Ball 3-1: Ground out 4-3 (Groundball, 4, EV 80.0 MPH)
|
|
Batting: RHB Jarrett Sterner
|
0-0: Called Strike 0-1: Swinging Strike 0-2: Ball 1-2: Ground out 6-3 (Groundball, 6, EV 86.3 MPH)
|
| Bottom of the 4th over - 0 runs, 0 hits, 0 errors, 0 left on base; Savannah 2 - Montgomery 4 |
| TOP OF THE 5TH |
|
Savannah Indians batting - Pitching for Montgomery Rebels : LHP Shane Rawley
|
|
Batting: RHB Mario Diaz
|
0-0: Ball 1-0: Ground out U3 (Groundball, 34, EV 85.6 MPH)
|
|
Batting: RHB T.J. Johnson
|
0-0: Foul Ball, location: 2F 0-1: Ball 1-1: Swinging Strike 1-2: Strikes out swinging
|
|
Batting: RHB Angel Salazar
|
0-0: Ball 1-0: Ball 2-0: Called Strike 2-1: Ball 3-1: Ground out 5-3 (Groundball, 56, EV 89.4 MPH)
|
| Top of the 5th over - 0 runs, 0 hits, 0 errors, 0 left on base; Savannah 2 - Montgomery 4 |
| BOTTOM OF THE 5TH |
|
Montgomery Rebels batting - Pitching for Savannah Indians : LHP Frank DiPino
|
|
Batting: RHB Roberto Palacios
|
0-0: Called Strike 0-1: Ball 1-1: Foul Ball, location: 2F 1-2: Ball 2-2: DOUBLE (Line Drive, 9LD, EV 106.3 MPH)
|
|
Batting: SHB Arthur Fischetti
|
0-0: Called Strike 0-1: Ball 1-1: Fly out, F7 (Flyball, 78M, EV 89.4 MPH)
|
|
Batting: LHB Ray Crowley
|
0-0: Ground out U3 (Groundball, 34, EV 81.9 MPH) Roberto Palacios to third
|
|
Batting: RHB Jeff Schumaker
|
0-0: Called Strike 0-1: Ball 1-1: Foul Ball, location: 2F 1-2: Fly out, F8 (Line Drive, 8LM, EV 97.5 MPH)
|
| Bottom of the 5th over - 0 runs, 1 hit, 0 errors, 1 left on base; Savannah 2 - Montgomery 4 |
| TOP OF THE 6TH |
|
Savannah Indians batting - Pitching for Montgomery Rebels : LHP Shane Rawley
|
|
Batting: RHB Eddie Vargas
|
0-0: Ball 1-0: Foul Ball, location: 2F 1-1: Ball 2-1: SINGLE (Groundball, 6MD, EV 98.1 MPH)
|
|
Batting: RHB Jim Paciorek
|
0-0: Fly out, F5 (Popup, 56S, EV 86.3 MPH)
|
|
Batting: RHB Wade Rowdon
|
0-0: Called Strike 0-1: Foul Ball, location: 2F 0-2: Ball 1-2: Foul Ball, location: 2F 1-2: Foul Ball, location: 2F 1-2: Strikes out swinging
|
|
Batting: RHB Ramiro Gutierrez
|
0-0: Ball 1-0: Called Strike 1-1: Ball 2-1: SINGLE (Groundball, 34D, EV 98.8 MPH) Eddie Vargas to second Runner from 2nd tries for 3rd, OUT! 9-5
|
| Top of the 6th over - 0 runs, 2 hits, 0 errors, 1 left on base; Savannah 2 - Montgomery 4 |
| BOTTOM OF THE 6TH |
|
Montgomery Rebels batting - Pitching for Savannah Indians : LHP Frank DiPino
|
|
Batting: LHB Dwayne Murphy
|
0-0: Ball 1-0: Called Strike 1-1: Ball 2-1: Ball 3-1: Called Strike 3-2: Reached on error, E5 (Groundball, 56, EV 82.5 MPH)
|
|
Batting: SHB Mike Thorpe
|
0-0: Called Strike 0-1: Ball 1-1: Called Strike 1-2: SINGLE (Flyball, 9LM, EV 103.8 MPH) Dwayne Murphy to second
|
|
Batting: RHB Mike Colbern
|
0-0: Ball Dwayne Murphy steals 3rd base 1-0: Ball 2-0: Called Strike 2-1: Swinging Strike 2-2: Foul Ball, location: 2F 2-2: Fielders Choice at 2nd, 4-6 (Groundball, 4, EV 101.9 MPH) Dwayne Murphy scores
|
|
Batting: LHB Chris Stropolo
|
0-0: Foul Ball, location: 2F 0-1: Fielders Choice at 2nd, 6-4 (Groundball, 56, EV 81.3 MPH)
|
|
Batting: RHB Jarrett Sterner
|
0-0: Called Strike Chris Stropolo steals 2nd base 0-1: Ball 1-1: Ball 2-1: SINGLE (Line Drive, 7LS, EV 91.3 MPH) Chris Stropolo to third Runner from 3rd tries for Home, SAFE, throw by LF to home
|
|
Pitching: LHP John LoCascio
|
|
|
Batting: RHB Roberto Palacios
|
0-0: Fly out, F9 (Flyball, 89D, EV 106.9 MPH)
|
| Bottom of the 6th over - 2 runs, 2 hits, 1 error, 1 left on base; Savannah 2 - Montgomery 6 |
| TOP OF THE 7TH |
|
Savannah Indians batting - Pitching for Montgomery Rebels : LHP Shane Rawley
|
|
Batting: LHB Roberto Hernandez
|
0-0: Foul Ball, location: 2F 0-1: Foul Ball, location: 2F 0-2: Fly out, F9 (Line Drive, 9, EV 84.4 MPH)
|
|
Batting: LHB Steve Sbragia
|
0-0: Called Strike 0-1: Ball 1-1: Foul Ball, location: 2F 1-2: Fly out, F9 (Flyball, 9LD, EV 106.9 MPH)
|
|
Batting: RHB Mario Diaz
|
0-0: Foul Ball, location: 2F 0-1: Swinging Strike 0-2: Ball 1-2: Ball 2-2: Foul Ball, location: 2F 2-2: Fly out, F7 (Flyball, 78D, EV 97.5 MPH)
|
| Top of the 7th over - 0 runs, 0 hits, 0 errors, 0 left on base; Savannah 2 - Montgomery 6 |
| BOTTOM OF THE 7TH |
|
Montgomery Rebels batting - Pitching for Savannah Indians : LHP John LoCascio
|
|
Batting: SHB Arthur Fischetti
|
0-0: Called Strike 0-1: SOLO HOME RUN (Flyball, 7D, EV 108.1 MPH), Distance : 379 ft
|
|
Batting: LHB Ray Crowley
|
0-0: Swinging Strike 0-1: Called Strike 0-2: Ball 1-2: Strikes out swinging
|
|
Batting: RHB Jeff Schumaker
|
0-0: Called Strike 0-1: Called Strike 0-2: Ball 1-2: Foul Ball, location: 2F 1-2: Ball 2-2: Ground out 6-3 (Groundball, 56, EV 83.1 MPH)
|
|
Batting: LHB Dwayne Murphy
|
0-0: Ball 1-0: Swinging Strike 1-1: Foul Ball, location: 2F 1-2: Ball 2-2: Ball 3-2: Base on Balls
|
|
Batting: SHB Mike Thorpe
|
0-0: Ball 1-0: Ball Dwayne Murphy steals 2nd base 2-0: Called Strike 2-1: Called Strike 2-2: Ball Wild Pitch! Dwayne Murphy to third 3-2: Strikes out swinging
|
| Bottom of the 7th over - 1 run, 1 hit, 0 errors, 1 left on base; Savannah 2 - Montgomery 7 |
| TOP OF THE 8TH |
|
Savannah Indians batting - Pitching for Montgomery Rebels : LHP Shane Rawley
|
|
Batting: RHB T.J. Johnson
|
0-0: Ball 1-0: Ball 2-0: Ball 3-0: Base on Balls
|
|
Batting: RHB Angel Salazar
|
0-0: Ball 1-0: Called Strike 1-1: Foul Ball, location: 2F 1-2: Ball 2-2: Foul Ball, location: 2F 2-2: Grounds into double play, 4-6-3 (Groundball, 4, EV 85.6 MPH)
|
|
Batting: RHB Eddie Vargas
|
0-0: Fly out, F9 (Flyball, 9LM, EV 88.8 MPH)
|
| Top of the 8th over - 0 runs, 0 hits, 0 errors, 0 left on base; Savannah 2 - Montgomery 7 |
| BOTTOM OF THE 8TH |
|
Montgomery Rebels batting - Pitching for Savannah Indians : LHP John LoCascio
|
|
Batting: RHB Mike Colbern
|
0-0: Fly out, F7 (Flyball, 78D, EV 102.5 MPH)
|
|
Batting: LHB Chris Stropolo
|
0-0: Ball 1-0: Ball 2-0: Called Strike 2-1: Called Strike 2-2: Foul Ball, location: 2F 2-2: Ball 3-2: Base on Balls
|
|
Batting: RHB Jarrett Sterner
|
0-0: Called Strike 0-1: Ball 1-1: Called Strike 1-2: Fielders Choice at 2nd, 1-6 (Groundball, 13, EV 69.4 MPH)
|
|
Batting: RHB Roberto Palacios
|
0-0: Ball 1-0: 2-RUN HOME RUN (Flyball, 78XD, EV 110.6 MPH), Distance : 415 ft
|
|
Batting: SHB Arthur Fischetti
|
0-0: Ball 1-0: Called Strike 1-1: Swinging Strike 1-2: Ball 2-2: Ball 3-2: Foul Ball, location: 2F 3-2: Base on Balls
|
|
Batting: LHB Ray Crowley
|
0-0: Foul Ball, location: 2F 0-1: Called Strike 0-2: Strikes out swinging
|
| Bottom of the 8th over - 2 runs, 1 hit, 0 errors, 1 left on base; Savannah 2 - Montgomery 9 |
| TOP OF THE 9TH |
|
Savannah Indians batting - Pitching for Montgomery Rebels : LHP Shane Rawley
|
|
Batting: RHB Jim Paciorek
|
0-0: Foul Ball, location: 2F 0-1: Ball 1-1: SINGLE (Groundball, 56D, EV 101.3 MPH)
|
|
Batting: RHB Wade Rowdon
|
0-0: Ground out 6-3 (Groundball, P, EV 90.6 MPH) Jim Paciorek to second
|
|
Batting: RHB Ramiro Gutierrez
|
0-0: Ball 1-0: Ball 2-0: Fly out, F8 (Flyball, 8RD, EV 94.4 MPH)
|
|
Batting: LHB Roberto Hernandez
|
0-0: Foul Ball, location: 2F 0-1: Ball 1-1: Swinging Strike 1-2: Strikes out swinging
|
| Top of the 9th over - 0 runs, 1 hit, 0 errors, 1 left on base; Savannah 2 - Montgomery 9 |
|